 Dungeon Crawl Stone Soup version 0.30-a0-924-g0ad0bf95bc (webtiles) character file.

Game seed: 11132823014568235267

161 jlumianski the Trooper (level 5, -4/42 HPs)
             Began as a Demonspawn Fighter on Mar 23, 2023.
             Splashed by a jelly's acid (5 damage)
             ... on level 4 of the Dungeon.
             The game lasted 00:07:45 (2956 turns).

jlumianski the Trooper (Demonspawn Fighter)         Turns: 2956, Time: 00:07:46

Health: -4/42      AC:  3    Str: 18    XL:     5   Next: 18%
Magic:  5/5        EV:  5    Int:  9    God:
Gold:   138        SH:  4    Dex: 13    Spells: 4/4 levels left

rFire   . . .      SeeInvis .    a - +0 war axe
rCold   . . .      Faith    .    c - +0 buckler
rNeg    . . .      Spirit   .    s - +0 plate armour
rPois   .          Reflect  .    (no helmet)
rElec   .          Rampage  .    (no cloak)
rCorr   .                        (no gloves)
Will    .....                    (no boots) Stlth
                                 (no amulet)
HPRegen 0.27/turn                (no ring)
MPRegen 0.09/turn                (no ring)

@: corroded
A: weakness stinger 2
a: no special abilities


You were on level 4 of the Dungeon.
You visited 1 branch of the dungeon, and saw 5 of its levels.

You collected 138 gold pieces.

Inventory:

Hand Weapons
 a - a +0 war axe (weapon)
 u - a +0 spear of flaming
Missiles
 e - 5 boomerangs (quivered)
 g - 49 stones
 m - 8 poisoned darts
 p - 4 curare-tipped darts
Armour
 b - a +0 scale mail
 c - a +0 buckler (worn)
 s - a +0 plate armour (worn)
Scrolls
 h - a scroll of amnesia {unknown}
 i - a scroll of brand weapon {unknown}
 k - 2 scrolls of blinking {unknown}
 l - 2 scrolls of enchant armour {unknown}
 n - a scroll of noise {unknown}
 o - a scroll of identify {unknown}
 q - 2 scrolls of teleportation {unknown}
 r - a scroll of fear {unknown}
Potions
 d - 2 potions of might
 f - a potion of lignification {unknown}
 j - a potion of flight {unknown}
 t - a potion of heal wounds {unknown}


   Skills:
 * Level 3.9 Fighting
 + Level 3.2 Axes
 + Level 3.4 Armour
 - Level 0.2 Dodging
 + Level 3.2 Shields


You had 4 spell levels left.
You didn't know any spells.
Your spell library contained the following spells:

 Spells                   Type           Power      Damage    Failure   Level
 Shock                    Conj/Air       0%         1d3       100%        1
 Slow                     Hex            0%         N/A       100%        1
 Confusing Touch          Hex            0%         N/A       100%        3
 Swiftness                Air            0%         N/A       100%        3
 Vampiric Draining        Necr           0%         2d6       100%        3
 Airstrike                Air            0%         2d(0-16)  100%        4


Dungeon Overview and Level Annotations

Branches:
Dungeon (5/15)
 Temple: D:4-7

Altars:


Innate Abilities, Weirdness & Mutations

You have a tail ending in a sharp stinger.


Message History

The hobgoblin is severely wounded.
The hobgoblin hits you with a +0 club.
You slash the hobgoblin!
You kill the hobgoblin!
You now have 138 gold pieces (gained 13).
You see here a +0 club.
HP restored.
Done exploring.
(D) Dungeon
Where to? (Enter - D:2, ? - help)
What level of the Dungeon? (default 1, ? - help)
You see here a +0 long sword.
There is a stone staircase leading down here.
You climb downwards.
There is a stone staircase leading up here.
A jelly comes into view.
You block the jelly's attack.
You hit the jelly. The acid corrodes you!
Your hands burn!
The jelly is moderately wounded.
You block the jelly's attack. The jelly hits you.
You are splashed with acid.
You hit the jelly.
Your hands burn!
Your tail-slap misses the jelly.
The jelly is heavily wounded.
The jelly hits you. The acid corrodes you!
You are splashed with acid!
You hit the jelly.
Your hands burn!
You tail-slap the jelly, but do no damage.
The jelly is almost dead.
The jelly hits you. The acid corrodes you!
You are splashed with acid!
* * * LOW HITPOINT WARNING * * *
You are too injured to fight recklessly!
You are too injured to fight recklessly!
You are too injured to fight recklessly!
You are too injured to fight recklessly!
You are too injured to fight recklessly!
You are too injured to fight recklessly!
You hit the jelly but do no damage.
Your hands burn!
* * * LOW HITPOINT WARNING * * *
The jelly is almost dead.
The jelly hits you but does no damage. The jelly barely misses you.
You hit the jelly but do no damage.
Your hands burn!
You die...

##### ##...##
#.###.########.#
#.#......@J....#
#.#.#.#####......
##...## ###.. .#
###.#####
.#######.......#
............####
.###...######
.###.### .##..<##


You could see a jelly.

Vanquished Creatures
  2 adders (D:2)
  8 gnolls
  A dart slug (D:1)
  An orc (D:3)
  3 endoplasms
  2 giant cockroaches
  3 goblins
  7 hobgoblins
  3 quokkas
  13 ball pythons
  5 bats
  2 frilled lizards (D:2)
  7 kobolds
  11 rats
68 creatures vanquished.

Vanquished Creatures (others)
  5 plants (D:1)
5 creatures vanquished.

Grand Total: 73 creatures vanquished

Notes
Turn   | Place    | Note
-------+----------+-------------------------------------------
     0 | D:1      | jlumianski the Demonspawn Fighter began the quest for the
                  | Orb.
     0 | D:1      | Reached XP level 1. HP: 18/18 MP: 1/1
   115 | D:1      | Gained mutation: You have a small tail. [demonic ancestry]
   115 | D:1      | Reached XP level 2. HP: 23/24 MP: 2/2
   400 | D:1      | Reached XP level 3. HP: 26/29 MP: 3/3
  1795 | D:2      | Gained mutation: You have a tail ending in a sharp stinger.
                  | [demonic ancestry]
  1795 | D:2      | Reached XP level 4. HP: 25/36 MP: 4/4
  2245 | D:5      | Entered Level 5 of the Dungeon
  2497 | D:3      | Reached XP level 5. HP: 42/42 MP: 5/5
  2955 | D:4      | HP: 1/42 [acid (5)]
  2956 | D:4      | Splashed by a jelly's acid

Illustrated notes

Levels and vault maps discovered:
D:1:      dpeg_arrival_line_fractal, layout_rooms, serial_corexii_hall,
          chequers_hall_statues_y, chequers_hall_statues_wall_a,
          serial_bayou_pond_c, minmay_surrounded
D:2:      layout_loops_ring, minmay_tromino_mix6
D:3:      layout_basic, minmay_misc_feat_five, minmay_misc_feat_x
D:4:      minmay_angry_zag, layout_loops_ring, nicolae_overflow_crystal_walls,
          minmay_temple_entry_trees, serial_shops, nicolae_shop_stone,
          st_stairs_4, nicolae_shop_firing_range, uniq_pargi
D:5:      layout_basic, jmf_multi_god_temple2, kennysheep_small_square,
          uniq_sigmund

Skill      XL: |  1  2  3  4 |
---------------+-------------+-----
Shields        | 3 |  3.2
Axes           | 2 3 |  3.2
Armour         | 3 |  3.4
Fighting       | |  3.9
Dodging        | |  0.2

Action                     |  1- 3 |  4- 6 || total
---------------------------+-------+-------++-------
  Melee: War axe           |   132 |    69 ||   201
         Tailslap          |    20 |    10 ||    30
  Throw: Boomerang         |     1 |     1 ||     2
    Use: Potion            |     1 |       ||     1
 Armour: Scale mail        |    72 |    21 ||    93
         Plate armour      |       |    18 ||    18
  Dodge: Dodged            |    70 |    33 ||   103
  Block: Buckler           |    35 |    22 ||    57

Table legend: (Time is in decaauts)
 A = Elapsed time spent in this place.
 B = Non-inter-level travel time spent in this place.
 C = Inter-level travel time spent in this place.
 D = Time resting spent in this place.
 E = Time spent auto-exploring this place.
 F = Levels seen in this place.
 G = Mean time per level.
                   A        B        C        D        E       F      G
               +--------+--------+--------+--------+--------+-----+--------+
         Total |   3056 |   3006 |     50 |    207 |   1855 |   5 |  611.2 |
       Dungeon |   3056 |   3006 |     50 |    207 |   1855 |   5 |  611.2 |
               +--------+--------+--------+--------+--------+-----+--------+

Top non-repeatable levels by time:
     D:2: 1084 daAuts
     D:3: 1010 daAuts
     D:1: 876 daAuts
     D:4: 82 daAuts
     D:5: 3 daAuts
